 Seeded DCSS version 0.28-a0-1152-g9c71ebef14 (webtiles) character file.

Game seed: 20211214 (custom seed)

667 flotson the Ducker (level 7, -2/54 HPs)
             Began as a Demonspawn Gladiator on Dec 14, 2021.
             Slain by a meliai (shapeshifter) (11 damage)
             ... on level 7 of the Dungeon.
             The game lasted 00:06:50 (4458 turns).

flotson the Ducker (Demonspawn Gladiator)           Turns: 4458, Time: 00:06:51

Health: -2/54      AC: 13    Str: 16    XL:     7   Next: 31%
Magic:  7/7        EV:  9    Int:  9    God:
Gold:   197        SH:  0    Dex: 15    Spells: 6/6 levels left

rFire   . . .      SeeInvis .   u - +3 quarterstaff (chaos)
rCold   . . .      Faith    .   (shield currently unavailable)
rNeg    . . .      Spirit   .   g - +0 storm dragon scales
rPois   .          Reflect  .   c - +0 helmet
rElec   +          Harm     .   t - +0 cloak
rCorr   .          Rampage  .   (no gloves)
Will    .....                   (no boots)
Stlth   ..........              (no amulet)
HPRegen 0.18/turn               (no ring)
MPRegen 0.10/turn               (no ring)

@: no status effects
A: ignite blood 2, powered by death 1, sturdy frame 1, demonic touch 1
a: no special abilities


You were on level 7 of the Dungeon.
You visited 1 branch of the dungeon, and saw 5 of its levels.

You collected 197 gold pieces.

Inventory:

Hand Weapons
 r - a +0 battleaxe
 u - a +3 quarterstaff of chaos (weapon)
Missiles
 a - 4 boomerangs
 d - 3 throwing nets (quivered)
 i - 23 poisoned darts
Armour
 c - a +0 helmet (worn)
 g - +0 storm dragon scales (worn)
 t - a +0 cloak (worn)
Jewellery
 k - an amulet of faith
 p - a ring of see invisible
Wands
 s - a wand of iceblast (9)
Scrolls
 b - 2 scrolls of identify
 e - 2 scrolls of vulnerability
 j - a scroll of fog {unknown}
 l - a scroll of holy word {unknown}
 n - a scroll of amnesia {unknown}
 o - a scroll of magic mapping
 v - a scroll of enchant weapon {unknown}
 w - a scroll of noise {unknown}
Potions
 f - 2 potions of curing
 h - a potion of brilliance {unknown}
 m - 2 potions of heal wounds {unknown}
 q - 2 potions of mutation {unknown}


   Skills:
 + Level 4.1 Fighting
 + Level 3.4 Axes
 + Level 3.6 Throwing
 + Level 3.0 Armour
 + Level 4.2 Dodging
 + Level 2.0 Evocations


You had 6 spell levels left.
You didn't know any spells.
Your spell library contained the following spells:

 Spells                   Type           Power      Damage    Failure   Level
 Freeze                   Ice            0%         1d3       98%         1
 Conjure Flame            Conj/Fire      0%         6-21      100%        3
 Frozen Ramparts          Ice            0%         1d2       100%        3
 Gell's Gravitas          Tloc           0%         N/A       100%        3
 Ignite Poison            Fire/Tmut/Pois 0%         N/A       100%        3
 Lesser Beckoning         Tloc           0%         N/A       100%        3
 Teleport Other           Tloc           0%         N/A       100%        3
 Hailstorm                Conj/Ice       0%         3d3       100%        4
 Sticky Flame             Conj/Fire      0%         2d3       100%        4


Dungeon Overview and Level Annotations

Branches:
Dungeon (4/15)
 Temple: D:4-7

Altars:
Dithmenos
Elyvilon
Fedhas
Gozag
Hepliaklqana
Xom
The Shining One

Shops:
D:3 *


Innate Abilities, Weirdness & Mutations

Your demonic aura often causes spilled blood to erupt in flames.
You regenerate a little health from kills.
Your movements are slightly less encumbered by armour. (ER -2)
Your touch may inflict minor irresistible damage on your foes.


Message History

You sock the killer bee!
The killer bee changes into a shapeshifter!
The shapeshifter is moderately wounded.
The shapeshifter changes into a meliai!
Unknown command.
Unknown command.
Aiming: Iceblast
Press: ? - help, Shift-Dir - straight line
Okay, then.
Unknown command.
Okay, then.
Unknown command.
Unknown command.
Unknown command.
You hit the meliai.
The meliai seems to grow stronger.
The meliai is lightly wounded.
The meliai hits you!
* * * LOW HITPOINT WARNING * * *
The meliai barely misses you. The meliai hits you.
* * * LOW HITPOINT WARNING * * *
The meliai completely misses you.
A bullfrog comes into view.
The bullfrog croaks.
You hear a horrible gurgling sound!
The bullfrog moves out of view.
A cyan ugly thing comes into view.
Found a lumpy ruby potion.
As you read the scroll labelled CUSEUZATZ PIMI, it crumbles to dust.
It is a scroll of identify.
e - 2 scrolls of vulnerability
As you read the scroll labelled ZANENT ABBE, it crumbles to dust.
You feel aware of your surroundings.
You sensed 2 altars, and 1 shop/portal.
It was a scroll of magic mapping.
The meliai hits you.
* * * LOW HITPOINT WARNING * * *
The meliai closely misses you. The meliai barely misses you.
The meliai closely misses you.
Okay, then.
Unknown command.
It was a potion of curing.
You feel better. The meliai barely misses you. The meliai stings you!
You die...

********** *,* *........#
*,*
#........#********,******
#........+,,,,,,,,,,,,,,,
#!.......#*.##****,*,,,,,
#........##..#####,*,****
#........###.###?##*,***,
#.....u..##.........,,,,,
#......F@#..##.###.##*,**
*######y###.#........,,,*
#####.###...##.###.**,,
#....>..#Z#.#......,*,*
#.######yy#...##.##,,,*
*,* ##.#.#.#...#,*,* *,*
##...#...#..,*,,
*,**#####.#.#.#...#,*,*
*,,,......#..?##.##,,,*


You could see a cyan ugly thing, a meliai shaped shifter (strong) and a
bullfrog.

Vanquished Creatures
  An ogre (D:7)
  A phantom (D:4)
  2 scorpions (D:4)
  2 killer bees (D:7)
  A jelly (D:4)
  An iguana (D:4)
  Crazy Yiuf (D:4)
  Natasha (thrice) (D:3)
  4 gnolls (D:2)
  2 adders
  2 worms (D:3)
  11 orcs
  6 ball pythons
  3 bats (D:1)
  7 endoplasms
  A giant cockroach (D:1)
  3 goblins
  6 hobgoblins
  2 jackals (D:4)
  4 quokkas
  6 frilled lizards
  10 kobolds
  A quokka skeleton (D:4)
  11 rats
  A bush (D:1)
92 creatures vanquished.

Notes
Turn   | Place    | Note
-------+----------+-------------------------------------------
     0 | D:1      | flotson the Demonspawn Gladiator began the quest for the
                  | Orb.
     0 | D:1      | Reached XP level 1. HP: 16/16 MP: 1/1
   420 | D:1      | Gained mutation: Your demonic aura sometimes causes spilled
                  | blood to erupt in flames. [demonic ancestry]
   420 | D:1      | Reached XP level 2. HP: 22/22 MP: 2/2
   893 | D:1      | Reached skill level 1 in Armour
   902 | D:1      | Gained mutation: Your demonic aura often causes spilled
                  | blood to erupt in flames. [demonic ancestry]
   902 | D:1      | Reached XP level 3. HP: 28/28 MP: 3/3
  1818 | D:2      | Gained mutation: Your movements are slightly less
                  | encumbered by armour. (ER -2) [demonic ancestry]
  1818 | D:2      | Reached XP level 4. HP: 23/34 MP: 4/4
  2470 | D:3      | Noticed Natasha
  2483 | D:3      | Killed Natasha
  2904 | D:3      | Noticed Natasha
  2909 | D:3      | Killed Natasha
  2910 | D:3      | Reached XP level 5. HP: 27/41 MP: 5/5
  3064 | D:3      | Noticed Natasha
  3075 | D:3      | Killed Natasha
  3275 | D:3      | Found Gozag's Platinum Reserve.
  3276 | D:3      | Found an opulent altar of Gozag.
  3436 | D:3      | Found a hazy altar of Hepliaklqana.
  3440 | D:3      | Found a shadowy altar of Dithmenos.
  3440 | D:3      | Noticed a shadow
  3472 | D:4      | Found a shimmering altar of Xom.
  3631 | D:4      | Found a blossoming altar of Fedhas.
  3633 | D:4      | Gained mutation: You regenerate a little health from kills.
                  | [demonic ancestry]
  3633 | D:4      | Reached XP level 6. HP: 47/47 MP: 6/6
  3657 | D:4      | Found a runed translucent door.
  3658 | D:4      | Noticed Crazy Yiuf
  3671 | D:4      | Killed Crazy Yiuf
  4050 | D:4      | Reached skill level 1 in Evocations
  4418 | D:4      | You fall into a shaft and drop 3 floors!
  4423 | D:7      | Gained mutation: Your touch may inflict minor irresistible
                  | damage on your foes. [demonic ancestry]
  4423 | D:7      | Reached XP level 7. HP: 54/54 MP: 7/7
  4450 | D:7      | Noticed a shapeshifter
  4450 | D:7      | a killer bee changed into a shapeshifter
  4450 | D:7      | Noticed a meliai
  4450 | D:7      | a shapeshifter changed into a meliai
  4453 | D:7      | Noticed a cyan ugly thing
  4457 | D:7      | HP: 1/54 [meliai (shapeshifter) (5)]
  4458 | D:7      | Slain by a meliai (shapeshifter)

Illustrated notes

Levels and vault maps discovered:
D:1:      wander_arrival_estate, layout_loops_ring, serial_forest,
          infiniplex_forest_clump_small, infiniplex_forest_diagonal,
          infiniplex_forest_side_room, infiniplex_forest_lined_2,
          infiniplex_forest_clump_curved, infiniplex_forest_end_3,
          infiniplex_forest_clump_curved, infiniplex_forest_straight_4
D:2:      layout_basic
D:3:      layout_rooms, riverfiend_overflow_shadow_ancestor,
          general_overflow_altar, mainiacjoe_overflow_alcove_2,
          nicolae_gozag_zags_fifth_avenue, uniq_natasha
D:4:      layout_cave_pools, mainiacjoe_overflow_cross_hatched,
          mainiacjoe_overflow_catwalk, grunt_ministairs_4,
          uniq_crazy_yiuf_cottage
D:7:      layout_basic, kennysheep_little_box,
          mainiacjoe_overflow_surrounded_room, serial_shops,
          nicolae_shop_window_shopping, nicolae_concentric_dashed_squares_mild

Skill      XL: |  1  2  3  4  5  6  7 |
---------------+----------------------+-----
Throwing       | 2 3 |  3.6
Dodging        | 3 4 |  4.2
Armour         | 1 2 3 |  3.0
Fighting       | 3 4 |  4.1
Axes           | 3 |  3.4
Evocations     | 1 2 |  2.0

Action                   |  1- 3 |  4- 6 |  7- 9 || total
-------------------------+-------+-------+-------++-------
Melee: War axe           |   153 |       |       ||   153
       Quarterstaff      |     7 |    93 |    15 ||   115
       Battleaxe         |       |    42 |       ||    42
Throw: Dart              |     4 |       |       ||     4
       Throwing net      |     1 |     2 |       ||     3
  Use: Scroll            |       |       |     2 ||     2
       Potion            |       |       |     1 ||     1
Armor: Leather armour    |    16 |       |       ||    16
       Storm dragon scal |    27 |    78 |    13 ||   118
Dodge: Dodged            |    70 |    70 |    15 ||   155

Table legend: (Time is in decaauts)
 A = Elapsed time spent in this place.
 B = Non-inter-level travel time spent in this place.
 C = Inter-level travel time spent in this place.
 D = Time resting spent in this place.
 E = Time spent auto-exploring this place.
 F = Levels seen in this place.
 G = Mean time per level.
                   A        B        C        D        E       F      G
               +--------+--------+--------+--------+--------+-----+--------+
         Total |   4568 |   4394 |    174 |      0 |   3599 |   5 |  913.6 |
       Dungeon |   4568 |   4394 |    174 |      0 |   3599 |   5 |  913.6 |
               +--------+--------+--------+--------+--------+-----+--------+

Top non-repeatable levels by time:
     D:1: 1529 daAuts
     D:3: 1143 daAuts
     D:4: 971 daAuts
     D:2: 879 daAuts
     D:7: 44 daAuts
